AoeStats
← CS13820

Nomad

510844868Analyzed
2v2 RM · 21h ago on Oct 2, 2026· 31m 27s· 4 players
Game mode
Random Map
Map size
176×176
Population
200
Speed
Normal
Resources
Standard
Victory
Conquest
Starting age
Dark Age
Ending age
Imperial Age
RankedLock teamsTeams togetherTeam positionsShared explorationLock speedFull tech treeHidden civsTurbo modeCheats
Victory
Defeat
🇫🇷 Franks · France
1048
+14
🇭🇺 Huns · Hungary
1037
+14
🇫🇷 Byzantines · France
1000
-43
🇫🇷 Saxons · France
1000
-43
Doña Cheyen
13:18 Loom
15:37 Feudal Age
25:48 Castle Age
23:53 Gold Mining
26:29 Forging
túrósfaszú
3:08 Loom
13:00 Feudal Age
13:30 Double-Bit Axe
19:00 Fishing Lines
21:45 Castle Age
20:21 Wheelbarrow
20:39 Town Watch
22:55 Bow Saw
24:08 Fletching
24:40 Scale Mail Armor
29:07 Thumb Ring
30:58 Stone Mining
31:05 Horse Collar
romatoaz
17:59 Feudal Age
CS13820
15:13 Loom
19:13 Feudal Age
22:42 Double-Bit Axe
22:38 Horse Collar
27:12 Castle Age
27:23 Stone Mining
28:39 Pikeman
29:20 Squires
Connection lost

Rejoining the realm…

Still unreachable

The connection could not be restored.

Session expired

The server has moved on; the page needs a fresh start.